TOP OF THE 1ST |
Brooklyn Cyclones batting - Pitching for Milwaukee (NYP) Brewers : RHP Julian Urbina
|
Pitching: RHP Julian Urbina
|
|
Batting: RHB Tony Oria
|
0-0: Called Strike 0-1: Ground out 1-3 (Groundball, 25, EV 66.9 MPH)
|
Batting: RHB Allen Wozniak
|
0-0: Swinging Strike 0-1: Ground out 3-1 (Groundball, 34, EV 85.6 MPH)
|
Batting: LHB Victor Ferrermena
|
0-0: Ball 1-0: Ground out U3 (Groundball, 3, EV 79.4 MPH)
|
Top of the 1st over - 0 runs, 0 hits, 0 errors, 0 left on base; Brooklyn 0 - Milwaukee (NYP) 0 |
BOTTOM OF THE 1ST |
Milwaukee (NYP) Brewers batting - Pitching for Brooklyn Cyclones : LHP Steve Kelly
|
Pitching: LHP Steve Kelly
|
|
Batting: RHB Vinny Estrada
|
0-0: Ball 1-0: Foul Ball, location: 2F 1-1: Swinging Strike 1-2: Foul Ball, location: 2F 1-2: Ball 2-2: Strikes out swinging
|
Batting: RHB Brad Wren
|
0-0: Called Strike 0-1: Called Strike 0-2: Ball 1-2: SINGLE (Groundball, 6MD, EV 95.6 MPH)
|
Batting: RHB Skyler Goss
|
0-0: Foul Ball, location: 2F 0-1: Ball 1-1: Ball 2-1: Fly out, F6 (Line Drive, 6, EV 64.4 MPH)
|
Batting: LHB Alfredo de la Cruz
|
0-0: Swinging Strike 0-1: Ball 1-1: Swinging Strike 1-2: Ground out 4-3 (Groundball, 4, EV 84.4 MPH)
|
Bottom of the 1st over - 0 runs, 1 hit, 0 errors, 1 left on base; Brooklyn 0 - Milwaukee (NYP) 0 |
TOP OF THE 2ND |
Brooklyn Cyclones batting - Pitching for Milwaukee (NYP) Brewers : RHP Julian Urbina
|
Batting: LHB Adam Barry
|
0-0: Ball 1-0: Ball 2-0: Ball 3-0: Base on Balls
|
Batting: SHB Julio Ramos
|
0-0: Ball 1-0: Foul Ball, location: 2F 1-1: Ball 2-1: Ball 3-1: Base on Balls Adam Barry to second
|
Batting: RHB Leo Roman
|
0-0: Ball 1-0: Ground out 5-3 (Groundball, 56S, EV 75.0 MPH) Adam Barry to third Julio Ramos to second
|
Batting: RHB Edolf Vlemmings
|
0-0: Called Strike 0-1: Swinging Strike 0-2: SINGLE (Groundball, 4MD, EV 105.6 MPH) Adam Barry scores Julio Ramos to third Runner from 3rd tries for Home, SAFE, throw by CF to home
|
Batting: RHB Oscar Chairez
|
0-0: Ball 1-0: Called Strike 1-1: Fly out, F8 (Flyball, 8LM, EV 87.5 MPH)
|
Batting: RHB Hyeok Kim
|
0-0: Called Strike 0-1: Ball 1-1: Ball 2-1: Called Strike 2-2: Ball 3-2: Ground out 6-3 (Groundball, 6, EV 100.6 MPH)
|
Top of the 2nd over - 2 runs, 1 hit, 0 errors, 1 left on base; Brooklyn 2 - Milwaukee (NYP) 0 |
BOTTOM OF THE 2ND |
Milwaukee (NYP) Brewers batting - Pitching for Brooklyn Cyclones : LHP Steve Kelly
|
Batting: RHB Dustin Hartman
|
0-0: Foul Ball, location: 2F 0-1: Foul Ball, location: 2F 0-2: Ball 1-2: Foul Ball, location: 2F 1-2: Fly out, F8 (Flyball, 89D, EV 101.9 MPH)
|
Batting: LHB Paul Collins
|
0-0: Foul Ball, location: 2F 0-1: Called Strike 0-2: Strikes out swinging
|
Batting: RHB Matt Granger
|
0-0: Foul Ball, location: 2F 0-1: Swinging Strike 0-2: Ball 1-2: Ball 2-2: Strikes out swinging
|
Bottom of the 2nd over - 0 runs, 0 hits, 0 errors, 0 left on base; Brooklyn 2 - Milwaukee (NYP) 0 |
TOP OF THE 3RD |
Brooklyn Cyclones batting - Pitching for Milwaukee (NYP) Brewers : RHP Julian Urbina
|
Batting: RHB Tony Oria
|
0-0: Called Strike 0-1: Ball 1-1: Called Strike 1-2: Ball 2-2: Strikes out looking
|
Batting: RHB Allen Wozniak
|
0-0: Ball 1-0: Called Strike 1-1: Ball 2-1: SINGLE (Groundball, 56D, EV 97.5 MPH)
|
Batting: LHB Victor Ferrermena
|
0-0: SINGLE (Groundball, 56D, EV 100.0 MPH) Allen Wozniak to second
|
Batting: LHB Adam Barry
|
0-0: Ball 1-0: Called Strike 1-1: Ball 2-1: Fielders Choice at 2nd, 3-6 (Groundball, 34S, EV 82.5 MPH) Allen Wozniak to third
|
Batting: SHB Julio Ramos
|
0-0: Called Strike 0-1: Called Strike 0-2: Strikes out swinging
|
Top of the 3rd over - 0 runs, 2 hits, 0 errors, 2 left on base; Brooklyn 2 - Milwaukee (NYP) 0 |
BOTTOM OF THE 3RD |
Milwaukee (NYP) Brewers batting - Pitching for Brooklyn Cyclones : LHP Steve Kelly
|
Batting: LHB Aaron Mobley
|
0-0: Ball 1-0: Called Strike 1-1: Swinging Strike 1-2: Foul Ball, location: 2F 1-2: Ball 2-2: Strikes out swinging, 2-3 out at first.
|
Batting: RHB Tom Campos
|
0-0: Called Strike 0-1: Foul Ball, location: 2F 0-2: Strikes out swinging
|
Batting: RHB Vinny Estrada
|
0-0: Called Strike 0-1: Ground out 3-1 (Groundball, 34S, EV 83.1 MPH)
|
Bottom of the 3rd over - 0 runs, 0 hits, 0 errors, 0 left on base; Brooklyn 2 - Milwaukee (NYP) 0 |
TOP OF THE 4TH |
Brooklyn Cyclones batting - Pitching for Milwaukee (NYP) Brewers : RHP Julian Urbina
|
Batting: RHB Leo Roman
|
0-0: Ball 1-0: Swinging Strike 1-1: Swinging Strike 1-2: Foul Ball, location: 2F 1-2: Foul Ball, location: 2F 1-2: Ball 2-2: Foul Ball, location: 2F 2-2: Ball 3-2: Foul Ball, location: 2F 3-2: Foul Ball, location: 2F 3-2: Base on Balls
|
Batting: RHB Edolf Vlemmings
|
0-0: Ball 1-0: Foul Ball, location: 2F 1-1: Foul Ball, location: 2F 1-2: Fielders Choice at 2nd, 4-6 (Groundball, 4S, EV 86.9 MPH)
|
Batting: RHB Oscar Chairez
|
0-0: Ball 1-0: Called Strike 1-1: Ball 2-1: Ball 3-1: Fly out, F8 (Flyball, 8LD, EV 103.1 MPH)
|
Batting: RHB Hyeok Kim
|
0-0: Ball 1-0: Ball Wild Pitch! Edolf Vlemmings to second 2-0: Ball 3-0: Called Strike 3-1: SINGLE (Groundball, 56S, EV 69.4 MPH) (infield hit) Edolf Vlemmings to third
|
Batting: RHB Tony Oria
|
0-0: Ground out 5-3 (Groundball, 5D, EV 103.1 MPH)
|
Top of the 4th over - 0 runs, 1 hit, 0 errors, 2 left on base; Brooklyn 2 - Milwaukee (NYP) 0 |
BOTTOM OF THE 4TH |
Milwaukee (NYP) Brewers batting - Pitching for Brooklyn Cyclones : LHP Steve Kelly
|
Batting: RHB Brad Wren
|
0-0: Ball 1-0: Fly out, F7 (Flyball, 7S, EV 91.2 MPH)
|
Batting: RHB Skyler Goss
|
0-0: Called Strike 0-1: Called Strike 0-2: Ball 1-2: Ball 2-2: Ball 3-2: Base on Balls
|
Batting: LHB Alfredo de la Cruz
|
0-0: Fly out, F8 (Flyball, 8LM, EV 81.9 MPH)
|
Batting: RHB Dustin Hartman
|
0-0: Called Strike 0-1: Ball 1-1: Ball 2-1: Fielders Choice at 2nd, 6-4 (Groundball, 6, EV 83.8 MPH)
|
Bottom of the 4th over - 0 runs, 0 hits, 0 errors, 1 left on base; Brooklyn 2 - Milwaukee (NYP) 0 |
TOP OF THE 5TH |
Brooklyn Cyclones batting - Pitching for Milwaukee (NYP) Brewers : RHP Julian Urbina
|
Batting: RHB Allen Wozniak
|
0-0: Foul Ball, location: 2F 0-1: Called Strike 0-2: Foul Ball, location: 2F 0-2: Strikes out swinging
|
Batting: LHB Victor Ferrermena
|
0-0: Called Strike 0-1: Foul Ball, location: 2F 0-2: Ball 1-2: DOUBLE (Flyball, 89D, EV 106.9 MPH)
|
Batting: LHB Adam Barry
|
0-0: Ball 1-0: Ball 2-0: Ball 3-0: Called Strike 3-1: SINGLE (Groundball, 6D, EV 97.5 MPH) Victor Ferrermena to third
|
Batting: SHB Julio Ramos
|
0-0: Ball 1-0: Ball 2-0: Called Strike 2-1: Foul Ball, location: 2F 2-2: Ball Adam Barry steals 2nd base 3-2: Foul Ball, location: 2F 3-2: Foul Ball, location: 2F 3-2: Ground out 4-3 (Groundball, 13, EV 92.5 MPH)
|
Batting: RHB Leo Roman
|
0-0: Ball 1-0: Fly out, F4 (Popup, 4S, EV 76.9 MPH)
|
Top of the 5th over - 0 runs, 2 hits, 0 errors, 2 left on base; Brooklyn 2 - Milwaukee (NYP) 0 |
BOTTOM OF THE 5TH |
Milwaukee (NYP) Brewers batting - Pitching for Brooklyn Cyclones : LHP Steve Kelly
|
Batting: LHB Paul Collins
|
0-0: Foul Ball, location: 2F 0-1: Ball 1-1: Foul Ball, location: 2F 1-2: Ball 2-2: Strikes out swinging
|
Batting: RHB Matt Granger
|
0-0: Called Strike 0-1: Ball 1-1: Ball 2-1: Ball 3-1: Called Strike 3-2: Strikes out swinging
|
Batting: LHB Aaron Mobley
|
0-0: Called Strike 0-1: Ball 1-1: Called Strike 1-2: Strikes out swinging
|
Bottom of the 5th over - 0 runs, 0 hits, 0 errors, 0 left on base; Brooklyn 2 - Milwaukee (NYP) 0 |
TOP OF THE 6TH |
Brooklyn Cyclones batting - Pitching for Milwaukee (NYP) Brewers : RHP Julian Urbina
|
Batting: RHB Edolf Vlemmings
|
0-0: Ground out 4-3 (Groundball, 4, EV 103.8 MPH)
|
Batting: RHB Oscar Chairez
|
0-0: Ball 1-0: Ground out 5-3 (Groundball, 5L, EV 85.6 MPH)
|
Batting: RHB Hyeok Kim
|
0-0: Reached on error, E5 (Groundball, 56S, EV 67.5 MPH)
|
Pitching: RHP Odmar van de Vijver
|
|
Batting: RHB Tony Oria
|
0-0: Ball 1-0: Ball 2-0: Called Strike Hyeok Kim steals 2nd base 2-1: Foul Ball, location: 2F 2-2: SINGLE (Line Drive, 6M, EV 98.8 MPH) Hyeok Kim to third
|
Batting: RHB Allen Wozniak
|
0-0: Called Strike 0-1: Called Strike 0-2: Foul Ball, location: 2F 0-2: Ball 1-2: Ball 2-2: Ball 3-2: Foul Ball, location: 2F 3-2: Strikes out swinging
|
Top of the 6th over - 0 runs, 1 hit, 1 error, 2 left on base; Brooklyn 2 - Milwaukee (NYP) 0 |
BOTTOM OF THE 6TH |
Milwaukee (NYP) Brewers batting - Pitching for Brooklyn Cyclones : LHP Steve Kelly
|
Batting: RHB Tom Campos
|
0-0: Swinging Strike 0-1: Ground out 6-3 (Groundball, 6, EV 91.9 MPH)
|
Batting: RHB Vinny Estrada
|
0-0: Ball 1-0: Foul Ball, location: 2F 1-1: Ground out 5-3 (Groundball, 56, EV 82.5 MPH)
|
Batting: RHB Brad Wren
|
0-0: Foul Ball, location: 2F 0-1: Called Strike 0-2: DOUBLE (Line Drive, 7LS, EV 92.5 MPH)
|
Batting: RHB Skyler Goss
|
0-0: Ball 1-0: Ground out 4-3 (Groundball, 4S, EV 88.1 MPH)
|
Bottom of the 6th over - 0 runs, 1 hit, 0 errors, 1 left on base; Brooklyn 2 - Milwaukee (NYP) 0 |
TOP OF THE 7TH |
Brooklyn Cyclones batting - Pitching for Milwaukee (NYP) Brewers : RHP Odmar van de Vijver
|
Pitching: RHP Javy Uribe
|
|
Batting: LHB Victor Ferrermena
|
0-0: Called Strike 0-1: Ball 1-1: Fly out, F8 (Flyball, 78S, EV 85.0 MPH)
|
Batting: LHB Adam Barry
|
0-0: Ball 1-0: Swinging Strike 1-1: Swinging Strike 1-2: Fly out, F2 (Popup, 2RF, EV 89.4 MPH)
|
Batting: SHB Julio Ramos
|
0-0: Called Strike 0-1: Foul Ball, location: 2F 0-2: Ball 1-2: Foul Ball, location: 2F 1-2: Ball 2-2: Strikes out looking
|
Top of the 7th over - 0 runs, 0 hits, 0 errors, 0 left on base; Brooklyn 2 - Milwaukee (NYP) 0 |
BOTTOM OF THE 7TH |
Milwaukee (NYP) Brewers batting - Pitching for Brooklyn Cyclones : LHP Steve Kelly
|
Pitching: RHP Leo Burgos
|
|
Batting: LHB Alfredo de la Cruz
|
0-0: Foul Ball, location: 2F 0-1: Ball 1-1: Swinging Strike 1-2: Foul Ball, location: 2F 1-2: Foul Ball, location: 2F 1-2: Foul Ball, location: 2F 1-2: Ground out 4-3 (Groundball, 4, EV 92.5 MPH)
|
Batting: RHB Dustin Hartman
|
0-0: Foul Ball, location: 2F 0-1: Swinging Strike 0-2: Strikes out swinging
|
Batting: LHB Paul Collins
|
0-0: Ground out 5-3 (Groundball, 56, EV 83.1 MPH)
|
Bottom of the 7th over - 0 runs, 0 hits, 0 errors, 0 left on base; Brooklyn 2 - Milwaukee (NYP) 0 |
TOP OF THE 8TH |
Brooklyn Cyclones batting - Pitching for Milwaukee (NYP) Brewers : RHP Javy Uribe
|
Batting: RHB Leo Roman
|
0-0: Fly out, F1 (Line Drive, P, EV 71.2 MPH)
|
Batting: RHB Edolf Vlemmings
|
0-0: Ball 1-0: Ball 2-0: SINGLE (Line Drive, 8RM, EV 95.6 MPH)
|
Batting: RHB Oscar Chairez
|
0-0: Ball 1-0: Called Strike 1-1: Called Strike 1-2: Ground out 5-3 (Groundball, 56S, EV 71.9 MPH) Edolf Vlemmings to second
|
Batting: RHB Hyeok Kim
|
0-0: Foul Ball, location: 2F 0-1: Ground out 6-3 (Groundball, 6, EV 85.6 MPH)
|
Top of the 8th over - 0 runs, 1 hit, 0 errors, 1 left on base; Brooklyn 2 - Milwaukee (NYP) 0 |
BOTTOM OF THE 8TH |
Milwaukee (NYP) Brewers batting - Pitching for Brooklyn Cyclones : RHP Leo Burgos
|
Pinch Hitting: SHB Adam Slade
|
0-0: Ball 1-0: Called Strike 1-1: Fly out, F3 (Flyball, 3D, EV 78.1 MPH)
|
Batting: LHB Aaron Mobley
|
0-0: Called Strike 0-1: Ball 1-1: Ball 2-1: SINGLE (Line Drive, 8RS, EV 90.0 MPH)
|
Batting: RHB Tom Campos
|
0-0: Ball 1-0: Ball 2-0: Foul Ball, location: 2F 2-1: Foul Ball, location: 2F 2-2: Ball 3-2: Foul Ball, location: 2F 3-2: Strikes out swinging
|
Batting: RHB Vinny Estrada
|
0-0: Ball 1-0: Called Strike 1-1: Ball 2-1: Swinging Strike 2-2: Ball 3-2: Strikes out swinging
|
Bottom of the 8th over - 0 runs, 1 hit, 0 errors, 1 left on base; Brooklyn 2 - Milwaukee (NYP) 0 |
TOP OF THE 9TH |
Brooklyn Cyclones batting - Pitching for Milwaukee (NYP) Brewers : RHP Javy Uribe
|
Pitching: LHP Dustin Waller
|
|
Now at 1B: Adam Slade
|
|
Now in CF: Vinny Estrada
|
|
Batting: RHB Tony Oria
|
0-0: Fly out, F9 (Flyball, 9D, EV 90.0 MPH)
|
Batting: RHB Allen Wozniak
|
0-0: Ball 1-0: Ball 2-0: Foul Ball, location: 2F 2-1: Called Strike 2-2: Ball 3-2: Foul Ball, location: 2F 3-2: Foul Ball, location: 2F 3-2: Strikes out swinging
|
Batting: LHB Victor Ferrermena
|
0-0: Called Strike 0-1: Called Strike 0-2: Strikes out looking
|
Top of the 9th over - 0 runs, 0 hits, 0 errors, 0 left on base; Brooklyn 2 - Milwaukee (NYP) 0 |
BOTTOM OF THE 9TH |
Milwaukee (NYP) Brewers batting - Pitching for Brooklyn Cyclones : RHP Leo Burgos
|
Pitching: LHP Scott Carr
|
|
Batting: RHB Brad Wren
|
0-0: Ball 1-0: Called Strike 1-1: Ball 2-1: Ground out 5-3 (Groundball, 56, EV 90.0 MPH)
|
Batting: RHB Skyler Goss
|
0-0: Foul Ball, location: 2F 0-1: Ball 1-1: Ball 2-1: Swinging Strike 2-2: Strikes out swinging
|
Batting: LHB Alfredo de la Cruz
|
0-0: Ball 1-0: Ball 2-0: Ball 3-0: Base on Balls
|
Batting: RHB Dustin Hartman
|
0-0: Ball 1-0: Ball 2-0: Called Strike 2-1: Swinging Strike 2-2: Foul Ball, location: 2F 2-2: Strikes out swinging
|
Bottom of the 9th over - 0 runs, 0 hits, 0 errors, 1 left on base; Brooklyn 2 - Milwaukee (NYP) 0 |
|